 Dungeon Crawl Stone Soup version 0.25.0-11-g1f837a76a1 (webtiles) character file.

Game seed: 15854684271918320190

112 protoss039 the Digger (level 4, -6/24 HPs)
             Began as a Deep Elf Earth Elementalist on June 27, 2020.
             Killed by divine providence
             ... invoked by an orc priest
              (10 damage)
             ... on level 3 of the Dungeon.
             The game lasted 00:03:46 (1668 turns).

protoss039 the Digger (Deep Elf Earth Elementalist) Turns: 1668, Time: 00:03:54

Health: -6/24      AC:  2    Str:  5    XL:     4   Next: 64%
Magic:  11/12      EV: 13    Int: 21    God:
Gold:   84         SH:  0    Dex: 15    Spells: 6/12 levels left

rFire    . . .     SeeInvis .   l - +1 short sword (holy)
rCold    . . .     Gourm    .   (no shield)
rNeg     . . .     Faith    .   c - +0 robe
rPois    .         Spirit   .   (no helmet)
rElec    .         Reflect  .   (no cloak)
rCorr    .         Harm     .   (no gloves)
MR       .....                  (no boots)
Stlth    ++........             (no amulet)
HPRegen  0.08/turn              (no ring)
MPRegen  0.13/turn              (no ring)

@: no status effects
A: no striking features
a: no special abilities


You were on level 3 of the Dungeon.
You were not hungry.

You visited 1 branch of the dungeon, and saw 3 of its levels.

You collected 84 gold pieces.

Inventory:

Hand Weapons
 l - a +1 short sword of holy wrath (weapon)
Missiles
 b - 72 stones (quivered)
Armour
 c - a +0 robe (worn)
 k - a scarf of resistance
Wands
 p - a wand of flame (13)
Scrolls
 e - 2 scrolls of teleportation {unknown}
 h - a scroll of identify {unknown}
 n - a scroll of remove curse {unknown}
 o - a scroll of enchant weapon {unknown}
Potions
 a - 2 potions of might {unknown}
 f - a potion of flight {unknown}
 g - a potion of curing {unknown}
 i - 2 potions of lignification {unknown}
 m - 2 potions of resistance {unknown}
Comestibles
 d - 4 rations
 j - a chunk of flesh


   Skills:
 - Level 2.4 Dodging
 - Level 2.4 Stealth
 + Level 4.7 Spellcasting
 + Level 1.1 Transmutations
 + Level 5.1 Earth Magic


You had 6 spell levels left.
You knew the following spells:

 Your Spells              Type           Power        Failure   Level  Hunger
a - Sandblast             Erth           ####..       1%          1    None
b - Passwall              Tmut/Erth      ###.....     4%          2    #......
c - Stone Arrow           Conj/Erth      ###...       12%         3    ##.....

Your spell library contained the following spells:

 Spells                   Type           Power        Failure   Level  Hunger
 Petrify                  Tmut/Erth      ###.....     30%         4    ####...
 Lee's Rapid Deconstruct  Erth           ####......   36%         5    ######.


Dungeon Overview and Level Annotations

Branches:
Dungeon (3/15)

Altars:

Annotations:
D:2 Natasha


Message History

You barely miss the orc. The orc misses you.
The orc priest invokes the aid of Beogh against you.
Beogh smites you!
Ouch! That really hurt!
* * * LOW HITPOINT WARNING * * *
You hear a shout!
Unknown command.
Casting: Sandblast (safe; 1% risk of failure)
Confirm with . or Enter, or press ? or * to list all spells.
Aiming: Sandblast (safe; 1% risk of failure)
Press: ? - help, Shift-Dir - straight line, f - orc
Aim: an orc, wielding a +0 whip and wearing a +0 ring mail The blast of sand hits the orc.
The orc is heavily wounded.
b - 72 stones You hear a shout!
The orc barely misses you.
The orc priest mumbles some strange prayers to Beogh against you.
Beogh smites you!
You die...

###### .....#
.....######
.....##...#
........#.##
.....##....##
.....##.....##
##.###..###..######.#
#.# #.## #.....@o..#
##.###. #..######o..#
...[##. ##.. ...
##..# ##.# . #.....
.# ####### .. ..


You could see an orc priest and an orc.

Vanquished Creatures
  Natasha (twice) (D:2)
  3 gnolls (D:2)
  An adder (D:2)
  An ooze (D:2)
  A dart slug (D:2)
  2 goblins (D:1)
  4 hobgoblins
  2 kobolds (D:2)
  2 bats (D:2)
  2 frilled lizards (D:2)
  3 rats
23 creatures vanquished.

Vanquished Creatures (others)
  A goblin (D:2)
1 creature vanquished.

Grand Total: 24 creatures vanquished

Notes
Turn   | Place    | Note
-------+----------+-------------------------------------------
     0 | D:1      | protoss039 the Deep Elf Earth Elementalist began the quest
                  | for the Orb.
     0 | D:1      | Reached XP level 1. HP: 10/10 MP: 6/6
   727 | D:2      | Reached XP level 2. HP: 15/15 MP: 5/8
   946 | D:2      | Reached skill level 4 in Earth Magic
  1066 | D:2      | Noticed Natasha
  1071 | D:2      | Noticed a crimson imp
  1073 | D:2      | Killed Natasha
  1073 | D:2      | Reached XP level 3. HP: 15/19 MP: 5/10
  1078 | D:2      | Reached XP level 4. HP: 7/24 MP: 2/12
  1263 | D:2      | Learned a level 2 spell: Passwall
  1267 | D:2      | Learned a level 3 spell: Stone Arrow
  1291 | D:2      | Noticed Natasha
  1296 | D:2      | Killed Natasha
  1296 | D:2      | Reached skill level 5 in Earth Magic
  1558 | D:2      | Noticed Natasha
  1668 | D:3      | Killed from afar by an orc priest

Illustrated notes

Levels and vault maps discovered:
D:1:      scummos_arrival_star, layout_basic, kennysheep_boxes
D:2:      layout_rooms, uniq_natasha
D:3:      lemuel_upstairs_altar, layout_rooms, marbit_many_paths

Skill      XL: |  1  2  3  4 |
---------------+-------------+-----
Earth Magic    | 4 5 |  5.1
Spellcasting   | 4 |  4.7
Dodging        | |  2.4
Stealth        | |  2.4
Transmutations | |  1.1

Action                   |  1- 3 |  4- 6 || total
-------------------------+-------+-------++-------
Melee: Unarmed           |     2 |       ||     2
       Short sword       |    16 |     9 ||    25
 Cast: Sandblast         |    19 |     8 ||    27
 Stab: Sleeping          |     2 |     1 ||     3
  Eat: Chunk             |       |     2 ||     2
Armor: Robe              |     5 |     1 ||     6
Dodge: Dodged            |    28 |    13 ||    41
